 Dungeon Crawl Stone Soup version 0.15.1-4-gac8487e (webtiles) character file.

16762 Johnny the Chiller (level 11, -11/91 HPs)
             Began as a Demigod Ice Elementalist on Oct 14, 2014.
             Engulfed by a cloud of freezing vapour (34 damage)
             ... in an ice cave.
             The game lasted 00:51:32 (15298 turns).

Johnny the Chiller (Demigod Ice Elementalist)      Turns: 15298, Time: 00:51:32

HP -11/91        AC 15     Str 14      XL: 11   Next: 84%
MP   7/28        EV 11     Int 22      God:
Gold 527         SH  0     Dex 18      Spells:  5 memorised,  2 levels left

rFire  . . .     SeeInvis +     h - +4 quarterstaff (chaos)
rCold  . . .     Clarity  .     s - +0 ring mail
rNeg   . . .     rCorr    .     (no shield)
rPois  .         rRot     .     p - +2 helmet {SInv} (curse)
rElec  .         Spirit   .     n - +1 cloak
SustAb .         Warding  .     i - +0 pair of gloves
rMut   .         Stasis   .     r - +2 pair of boots {Stlth+}
Gourm  .                        (no amulet)
MR     +....                    (no ring)
                                (no ring)

@: somewhat resistant to hostile enchantments, very unstealthy
A: no striking features
a: no special abilities


You were in an ice cave.
You were very hungry.

You visited 2 branches of the dungeon, and saw 12 of its levels.
You also visited: Ice Cave.

You collected 933 gold pieces.
You spent 406 gold pieces at shops.

Inventory:

Hand weapons
 h - a +4 quarterstaff of chaos (weapon)
Missiles
 m - 5 javelins (quivered)
Armour
 i - a +0 pair of gloves (worn)
 n - a +1 cloak (worn)
 p - a cursed +2 helmet of see invisible (worn)
 r - a +2 pair of boots of stealth (worn)
 s - a +0 ring mail (worn)
Magical devices
 a - a wand of digging (10)
 x - a wand of disintegration (7)
 A - a wand of teleportation (1)
Comestibles
 c - 6 bread rations
 f - a beef jerky
 l - 3 meat rations
 v - 2 slices of pizza
 C - 5 rotting chunks of polar bear flesh
Scrolls
 k - 4 scrolls of remove curse
 q - 2 scrolls of magic mapping
 z - a scroll of recharging
 I - a scroll of enchant armour
Jewellery
 d - an uncursed ring of fire
Potions
 g - 4 potions of curing
 j - a potion of mutation
 o - a potion of lignification
 w - a potion of heal wounds
Books
 b - a book of Frost

   Spells                             Type                      Level
   *Freeze                            Ice                          1
   Throw Frost                        Conjuration/Ice              2
   Ozocubu's Armour                   Charms/Ice                   3
   *Throw Icicle                      Conjuration/Ice              4
   *Summon Ice Beast                  Ice/Summoning                4
   Condensation Shield                Ice                          4
 e - a book of Maledictions

   Spells                             Type                      Level
   Corona                             Hexes                        1
   Sure Blade                         Hexes/Charms                 2
   Ensorcelled Hibernation            Hexes/Ice                    2
   Confuse                            Hexes                        3
   Dazzling Spray                     Conjuration/Hexes            3
   Enslavement                        Hexes                        4
 u - a book of Enchantments

   Spells                             Type                      Level
   Tukima's Dance                     Hexes                        3
   Cause Fear                         Hexes                        4
   Silence                            Hexes/Air                    5
   Deflect Missiles                   Charms/Air                   6
   *Haste                             Charms                       6
   Discord                            Hexes                        8
 y - the Reference Book on Floating Enhancements
   (You found it on level 5 of the Dungeon)

   Spells                             Type                      Level
   Shock                              Conjuration/Air              1
   Shroud of Golubria                 Charms/Translocation         2
   Sure Blade                         Hexes/Charms                 2
   Flight                             Charms/Air                   3
   Airstrike                          Air                          4
   Warp Weapon                        Charms/Translocation         5
 F - a book of the Earth

   Spells                             Type                      Level
   Leda's Liquefaction                Hexes/Earth                  4
   Bolt of Magma                      Conjuration/Fire/Earth       5
   Statue Form                        Transmutation/Earth          6
   *Iron Shot                         Conjuration/Earth            6
   Shatter                            Earth                        9
 H - a book of Ice

   Spells                             Type                      Level
   Metabolic Englaciation             Hexes/Ice                    5
   Ozocubu's Refrigeration            Ice                          6
   Bolt of Cold                       Conjuration/Ice              6
   Freezing Cloud                     Conjuration/Ice/Air          6
   Simulacrum                         Ice/Necromancy               6
Miscellaneous
 B - a crystal ball of energy


   Skills:
 * Level 6.5 Fighting
 * Level 6.1 Staves
 + Level 4.1 Armour
 + Level 4.7 Dodging
 + Level 4.9 Stealth
 * Level 6.7 Spellcasting
 * Level 5.2 Conjurations
 * Level 1.7 Charms
 * Level 6.1 Summonings
 * Level 6.8 Ice Magic
 * Level 5.1 Earth Magic
 + Level 3.0 Evocations


You had 2 spell levels left.
You knew the following spells:

 Your Spells              Type           Power        Failure   Level  Hunger
a - Freeze                Ice            ####         1%          1    None
b - Summon Ice Beast      Ice/Summ       #####...     10%         4    ###....
c - Iron Shot             Conj/Erth      ####......   99%         6    ######.
d - Throw Icicle          Conj/Ice       ####....     12%         4    ###....
e - Haste                 Chrm           ###.....     100%        6    ######.


Dungeon Overview and Level Annotations

Branches:
Dungeon (8/15)             Temple (0/1) D:7            Lair (4/8) D:8
  Swamp: Lair:3-6    Shoals: Lair:3-6     Snake: Lair:3-6    Spider: Lair:3-6

Shops:
D:7 !

Annotations:
D:3 Johnny's ghost, average DgIE


Message History

You swap places.
The yak gores your ice beast!
Your ice beast hits the yak but does no damage.
Unknown command.
The yak barely misses your ice beast.
Your ice beast barely misses the yak.
The yak closely misses your ice beast.
Your ice beast barely misses the yak.
The yak barely misses your ice beast.
Your ice beast hits the yak.
The yak dies!
Your Evocations skill increases to level 3!
There is a fountain of sparkling water here.
Evoke which item? (* to show all) (? for menu, Esc to quit)
Zapping:
a - a wand of digging {zapped: 1}
Press: ? - help, Shift-Dir - straight line The rock shatters into small pieces.
Some of the chunks of flesh in your inventory have rotted away.
You enter the shallow water.
Moving in this stuff is going to be slow.
You are engulfed in freezing vapours.
* * * LOW HITPOINT WARNING * * *
You are engulfed in freezing vapours.
You die...

..#...####%.# .....##
#.## ##.### ### .### ###
≈# ..# ####§## ≈# .(#
##.#.§§# #≈# ⌠.#
###....#§# ≈≈# ..#
#.#.#.##§###≈≈# ..#
##...#####@#≈≈# .##
##...#### #§Y§####
######..#####≈≈##≈≈##.##
#.##...## #.≈≈.≈≈...⌠.#
#%.#..## #≈≈≈≈≈≈≈##.##
.#...## #≈≈≈≈≈≈#≈###.#
.##.## ≈≈≈≈#≈#≈.##.##
##### ≈#≈≈≈##.##.##
≈≈≈≈#..#.##


You could see a friendly ice beast.

Vanquished Creatures
  3 black mambas
  2 spiny frogs (Lair:3)
  Psyche (D:8)
  A komodo dragon (Lair:1)
  12 polar bears (IceCv)
  5 blink frogs (Lair:1)
  A hill giant zombie (D:8)
  13 yaks
  2 hippogriffs
  Edmund (D:7)
  3 wolves (IceCv)
  6 water moccasins
  An ogre (D:4)
  A black bear (D:8)
  3 sky beasts
  8 ice beasts
  7 porcupines
  3 crocodiles
  A phantom (D:8)
  Sigmund (D:7)
  6 giant frogs
  4 jellies
  2 wights (D:8)
  3 killer bees (D:8)
  7 orc priests
  5 hounds
  Crazy Yiuf (D:2)
  4 worker ants
  6 orc wizards
  7 iguanas
  A black bear skeleton (D:5)
  2 sheep (Lair:1)
  A worker ant zombie (D:6)
  10 adders
  A gnoll (D:3)
  7 green rats
  A giant mite (D:4)
  3 shadow imps
  3 worms
  An orc skeleton (D:6)
  4 giant geckos
  7 orcs
  12 giant cockroaches
  9 hobgoblins
  16 kobolds
  8 quokkas
  2 ball pythons
  17 bats
  8 giant newts
  15 goblins
  A green rat simulacrum (Lair:3)
  6 jackals
  A quokka zombie (D:6)
  15 rats
  A spectral orc (D:7)
  A fungus (D:8)
  A plant (D:8)
274 creatures vanquished.

Vanquished Creatures (collateral kills)
  A death yak (IceCv)
  A necromancer (Lair:3)
  An oklob plant (Lair:2)
  3 black mambas (Lair:2)
  5 spiny frogs
  A komodo dragon (Lair:1)
  A fire drake (Lair:2)
  A polar bear (IceCv)
  Prince Ribbit (D:7)
  A hippogriff (Lair:1)
  17 yaks
  A water moccasin (Lair:4)
  3 porcupines (Lair:1)
  3 wolves (IceCv)
  2 ice beasts (Lair:4)
  An ogre (D:8)
  A boring beetle (IceCv)
  A crocodile (Lair:1)
  Duvessa (D:7)
  Blork the orc (D:5)
  2 giant frogs
  3 killer bees (D:8)
  3 wights (D:8)
  Dowan (D:7)
  2 orc priests
  3 hounds (D:8)
  An iguana (Lair:2)
  3 orc wizards (D:8)
  6 sheep (Lair:1)
  A big kobold skeleton (D:8)
  A mummy (D:7)
  14 green rats
  An orc zombie (D:8)
  4 orcs (D:8)
  A hobgoblin (D:8)
  A green rat simulacrum (Lair:3)
94 creatures vanquished.

Vanquished Creatures (others)
  A polar bear (IceCv)
  A yak (IceCv)
  8 wolves (IceCv)
  53 ice beasts
  8 fungi
71 creatures vanquished.

Grand Total: 439 creatures vanquished

Notes
Turn   | Place    | Note
--------------------------------------------------------------
     0 | D:1      | Johnny, the Demigod Ice Elementalist, began the quest for the Orb.
     0 | D:1      | Reached XP level 1. HP: 14/14 MP: 3/3
   690 | D:1      | Reached skill level 1 in Fighting
   690 | D:1      | Reached XP level 2. HP: 17/23 MP: 0/4
  1238 | D:2      | Reached XP level 3. HP: 17/28 MP: 4/8
  1435 | D:2      | Found a white marble altar of Elyvilon.
  1506 | D:2      | Found a shattered altar of Ashenzari.
  1779 | D:2      | Reached skill level 3 in Ice Magic
  2045 | D:2      | Found a deep blue altar of Sif Muna.
  2208 | D:3      | Reached skill level 1 in Armour
  2343 | D:3      | Noticed Johnny's ghost (average DgIE)
  2463 | D:2      | Noticed Crazy Yiuf
  2469 | D:2      | Killed Crazy Yiuf
  2469 | D:2      | Reached XP level 4. HP: 35/35 MP: 5/10
  2570 | D:2      | Learned a level 4 spell: Summon Ice Beast
  2860 | D:3      | Found a glowing golden altar of the Shining One.
  3215 | D:4      | Noticed an ogre
  3514 | D:4      | HP: 1/36 [ogre/giant spiked club (11)]
  3515 | D:4      | Killed an ogre
  3515 | D:4      | Reached skill level 1 in Staves
  3515 | D:4      | Reached skill level 1 in Summonings
  3515 | D:4      | Reached XP level 5. HP: 1/41 MP: 1/12
  3815 | D:4      | Found an iron altar of Okawaru.
  3844 | D:4      | Found a shadowy altar of Dithmenos.
  4324 | D:4      | Reached XP level 6. HP: 48/48 MP: 15/15
  4554 | D:5      | Entered Level 5 of the Dungeon
  4566 | D:5      | Reached skill level 4 in Ice Magic
  4577 | D:5      | Found a blossoming altar of Fedhas.
  4673 | D:5      | Noticed Blork the orc
  4688 | D:5      | Killed Blork the orc
  4835 | D:5      | Identified the Reference Book on Floating Enhancements
  4975 | D:5      | Found a bloodstained altar of Trog.
  5063 | D:5      | Reached XP level 7. HP: 56/56 MP: 16/18
  5869 | D:6      | Found a sparkling altar of Nemelex Xobeh.
  6577 | D:7      | Noticed Duvessa
  6577 | D:7      | Noticed Dowan
  6633 | D:7      | Noticed Prince Ribbit
  6652 | D:7      | Killed Prince Ribbit
  6652 | D:7      | Reached XP level 8. HP: 40/64 MP: 4/20
  6849 | D:7      | Killed Duvessa
  6859 | D:7      | Killed Dowan
  6885 | D:7      | Found Skacuapt's Distillery.
  6942 | D:7      | Noticed Sigmund
  6949 | D:7      | Killed Sigmund
  6978 | D:7      | Found a glowing silver altar of Zin.
  7051 | D:7      | Found a staircase to the Ecumenical Temple.
  7194 | D:7      | Noticed Edmund
  7209 | D:7      | Killed Edmund
  7271 | D:7      | Found a basalt altar of Yredelemnul.
  7307 | D:7      | Bought a potion of might for 35 gold pieces
  7307 | D:7      | Bought a potion of heal wounds for 42 gold pieces
  7307 | D:7      | Bought a potion of curing for 28 gold pieces
  7307 | D:7      | Bought a potion of agility for 35 gold pieces
  7307 | D:7      | Bought a potion of curing for 28 gold pieces
  7307 | D:7      | Bought a potion of curing for 28 gold pieces
  7307 | D:7      | Bought a potion of invisibility for 77 gold pieces
  7307 | D:7      | Bought a potion of curing for 28 gold pieces
  7307 | D:7      | Bought a potion of curing for 28 gold pieces
  7307 | D:7      | Bought a potion of invisibility for 77 gold pieces
  7441 | D:8      | Learned a level 4 spell: Throw Icicle
  7545 | D:8      | Reached skill level 1 in Conjurations
  7723 | D:8      | Learned a level 6 spell: Iron Shot
  7737 | D:8      | Found a staircase to the Lair.
  7816 | Lair:1   | Entered Level 1 of the Lair of Beasts
  7998 | D:8      | Reached skill level 1 in Earth Magic
  8217 | D:8      | Noticed a wandering mushroom
  8328 | D:8      | Reached XP level 9. HP: 45/71 MP: 10/23
  8607 | D:8      | Noticed Psyche
  8617 | D:8      | Killed Psyche
  8686 | D:8      | Reached skill level 5 in Ice Magic
  8787 | D:8      | Reached skill level 1 in Evocations
  9152 | Lair:1   | Noticed a black mamba
  9181 | Lair:1   | Killed a black mamba
  9213 | Lair:1   | Reached skill level 5 in Spellcasting
  9300 | Lair:1   | Noticed a komodo dragon
  9309 | Lair:1   | Killed a komodo dragon
  9443 | Lair:1   | Reached skill level 5 in Fighting
  9769 | Lair:1   | Reached XP level 10. HP: 81/81 MP: 12/25
 10276 | Lair:1   | Noticed a spiny frog
 10281 | Lair:1   | Killed a spiny frog
 10319 | Lair:1   | Noticed a black mamba
 10322 | Lair:1   | Noticed a spiny frog
 10669 | Lair:1   | Killed a spiny frog
 10669 | Lair:1   | Reached skill level 5 in Staves
 10809 | Lair:1   | Reached skill level 5 in Summonings
 11012 | Lair:1   | Killed a black mamba
 11023 | Lair:1   | Reached skill level 6 in Spellcasting
 11835 | Lair:2   | Reached XP level 11. HP: 66/89 MP: 16/27
 12167 | Lair:2   | Noticed an oklob plant
 12169 | Lair:2   | Found a blossoming altar of Fedhas.
 12184 | Lair:2   | Killed an oklob plant
 12243 | Lair:2   | Identified a scroll of acquirement
 13555 | Lair:4   | Found a frozen archway.
 13634 | IceCv    | Entered an ice cave
 14091 | IceCv    | Learned a level 6 spell: Haste
 14358 | IceCv    | Noticed a death yak
 14425 | IceCv    | Killed a death yak
 14425 | IceCv    | Reached skill level 5 in Conjurations
 14425 | IceCv    | Reached skill level 5 in Earth Magic
 14840 | IceCv    | Reached skill level 1 in Charms
 15216 | IceCv    | Noticed a white draconian
 15298 | IceCv    | Engulfed by a cloud of freezing vapour

Action                   |  1- 3 |  4- 6 |  7- 9 | 10-12 || total
-------------------------+-------+-------+-------+-------++-------
Melee: Short sword       |   104 |       |       |       ||   104
       Dagger            |     6 |       |       |       ||     6
       Unarmed           |     4 |       |       |       ||     4
       Hand axe          |    16 |       |       |       ||    16
       Quarterstaff      |       |   157 |   308 |   401 ||   866
Throw: Javelin           |       |     5 |       |     1 ||     6
 Cast: Freeze            |    38 |    31 |    20 |    25 ||   114
       Summon Ice Beast  |       |     2 |    51 |    93 ||   146
       Throw Icicle      |       |       |       |    20 ||    20
Evoke: Wand              |       |       |     1 |     6 ||     7
  Use: Scroll            |     9 |     5 |     3 |     6 ||    23
       Potion            |     1 |     1 |     6 |    10 ||    18
 Stab: Sleeping          |     5 |     3 |     3 |     2 ||    13
       Petrifying        |       |     2 |     2 |     4 ||     8
       Confused          |       |     1 |     1 |     3 ||     5
       Distracted        |       |       |     3 |     7 ||    10
       Paralysed         |       |       |     1 |     6 ||     7
       Petrified         |       |       |       |     2 ||     2
       Fleeing           |       |       |       |     1 ||     1
  Eat: Chunk             |     1 |     9 |    19 |    22 ||    51
       Bread ration      |     1 |       |       |       ||     1
       Fruit             |       |       |     2 |     9 ||    11
       Meat ration       |       |       |     1 |       ||     1
       Beef jerky        |       |       |       |     1 ||     1
